 Dungeon Crawl Stone Soup version 0.28.0-43-g3370ac3207 (webtiles) character file.

Game seed: 6897411965407455475

2627 GloriousHammer the Severer (level 9, 0/91 (105) HPs)
             Began as a Minotaur Berserker on Mar 15, 2022.
             Was a Priest of Trog.
             Slain by a wight
             ... wielding a +3 trident
              (4 damage)
             ... on level 7 of the Dungeon.
             The game lasted 00:18:48 (6375 turns).

GloriousHammer the Severer (Minotaur Berserker)     Turns: 6375, Time: 00:18:48

HP:   0/91 (105)    AC: 10    Str: 21    XL:     9   Next: 34%
MP:   8/8           EV: 10    Int:  6    God:    Trog [***...]
Gold: 337           SH:  0    Dex: 13    Spells: 8/8 levels left

rFire   . . .      SeeInvis .   a - +0 war axe
rCold   . . .      Faith    .   (no shield)
rNeg    . . .      Spirit   .   C - +4 scale mail {rPois}
rPois   +          Reflect  .   (helmet restricted)
rElec   .          Harm     .   (no cloak)
rCorr   .          Rampage  .   (no gloves)
Will    .....                   (no boots)
Stlth   ..........              (no amulet)
HPRegen 0.25/turn               (no ring)
MPRegen 0.11/turn               (no ring)

@: berserking, heavily drained, very quick
A: horns 2, retaliatory headbutt
a: Renounce Religion, Berserk, Trog's Hand


You were on level 7 of the Dungeon.
You worshipped Trog.
Trog was most pleased with you.
You visited 1 branch of the dungeon, and saw 7 of its levels.
You also visited: Ossuary.

You collected 337 gold pieces.

Inventory:

Hand Weapons
 a - a +0 war axe (weapon)
 b - a +0 hunting sling
 D - a +6 dire flail of draining
Missiles
 c - 18 sling bullets
 h - 248 stones (quivered)
 n - 17 poisoned darts
 o - 4 atropa-tipped darts
 r - 6 boomerangs
Armour
 C - a +4 scale mail of poison resistance (worn)
 H - a +0 buckler
Wands
 y - a wand of iceblast (10)
Scrolls
 e - 4 scrolls of magic mapping {unknown}
 f - 11 scrolls of identify {unknown}
 g - 4 scrolls of teleportation {unknown}
 k - 2 scrolls of enchant armour {unknown}
 l - a scroll of acquirement {unknown}
 p - a scroll of vulnerability {unknown}
 s - a scroll of noise {unknown}
 u - 2 scrolls of blinking {unknown}
 z - 2 scrolls of enchant weapon {unknown}
 E - 4 scrolls of summoning {unknown}
Potions
 d - a potion of resistance
 i - 2 potions of magic {unknown}
 j - 3 potions of curing {unknown}
 m - a potion of attraction {unknown}
 q - a potion of mutation {unknown}
 t - 4 potions of heal wounds {unknown}
 v - a potion of ambrosia {unknown}
 w - a potion of cancellation {unknown}
 x - a potion of berserk rage {unknown}
 A - a potion of lignification {unknown}
 B - a potion of invisibility {unknown}
 F - 2 potions of brilliance {unknown}
 G - a potion of might {unknown}


   Skills:
 - Level 3.6 Fighting
 + Level 15.3 Axes
 - Level 2.4 Armour
 - Level 2.1 Dodging


You had 8 spell levels left.
You didn't know any spells.
Your spell library was empty.

Dungeon Overview and Level Annotations

Branches:
Dungeon (7/15)             Temple (0/1) D:4         Ossuary (visited)

Altars:
Dithmenos
Fedhas
Vehumet
Xom


Innate Abilities, Weirdness & Mutations

You have a pair of horns on your head.
You reflexively headbutt those who attack you in melee.


Message History

A red film seems to cover your vision as you go berserk!
You feel yourself moving faster!
You feel mighty! The killer bee barely misses you. The killer bee misses you.
You furiously retaliate!
You headbutt the killer bee!!
You kill the killer bee!
Trog accepts your kill.
The wight hits you with a +4 morningstar!
* * * LOW HITPOINT WARNING * * *
You feel drained.
* * * LOW HITPOINT WARNING * * *
The wight hits you but does no damage.
The killer bee stings you but does no damage.
You slice the wight!!
You destroy the wight!
Trog accepts your kill.
You closely miss the killer bee. You hit the orc priest.
The killer bee barely misses you.
You closely miss the killer bee. Your headbutt misses the killer bee.
You slash the orc priest! The wight hits you but does no damage.
The orc priest closely misses you.
You barely miss the killer bee. Your headbutt misses the killer bee.
You hit the orc priest.
You kill the orc priest!
Trog accepts your kill. The killer bee stings you.
* * * LOW HITPOINT WARNING * * *
You slash the killer bee!
The killer bee is almost dead.
The killer bee stings you.
* * * LOW HITPOINT WARNING * * *
The wight misses you.
You miss the killer bee. You headbutt the killer bee.
You kill the killer bee!
Trog accepts your kill.
The orc priest hits you with a +0 dagger.
* * * LOW HITPOINT WARNING * * *
The wight hits you from afar with a +3 trident!
* * * LOW HITPOINT WARNING * * *
You feel drained.
You die...

#######.#####....#
...........##.##.###
#######.#...#.##...#
#....<.......#
###...#.##...#
##.##.##..##
#.##.##..#
...#.##).#
..#....o@.#
##...#..l#)# ##
###o#z#######
#.#oy.yy..#
.y.....######z#
....... .......
....... .......


You could see an orc warrior, an iguana, a killer bee, a wight, an orc priest
and an orc.

Vanquished Creatures
  Grinder (D:4)
  Eustachio (D:4)
  Edmund (D:5)
  A sky beast (D:6)
  2 black bears
  2 necrophages (D:5)
  4 ogres (D:4)
  2 centaurs
  A phantom (D:5)
  2 scorpions
  A water moccasin skeleton (D:5)
  2 killer bees (D:7)
  2 wights (D:7)
  A jelly (D:4)
  4 crimson imps (D:6)
  3 centaur zombies
  3 orc priests
  3 hounds
  2 iguanas
  An orc wizard (D:3)
  A killer bee zombie (D:6)
  A hound skeleton (D:4)
  5 mummies (Ossuary)
  4 gnolls (D:5)
  2 howler monkey skeletons (D:6)
  4 adders
  A white imp (D:5)
  An ufetubus (D:5)
  2 adder skeletons (D:4)
  3 worms
  2 dart slugs (D:3)
  22 orcs
  7 endoplasms
  3 giant cockroaches
  8 goblins
  7 hobgoblins
  3 jackals (D:3)
  3 quokkas
  6 ball pythons
  A bat (D:1)
  A frilled lizard (D:3)
  7 hobgoblin zombies (Ossuary)
  7 kobolds
  2 rats (D:1)
142 creatures vanquished.

Notes
Turn   | Place    | Note
-------+----------+-------------------------------------------
     0 | D:1      | GloriousHammer the Minotaur Berserker began the quest for
                  | the Orb.
     0 | D:1      | Reached XP level 1. HP: 19/19 MP: 0/0
    19 | D:1      | Found a faded altar of an unknown god.
    81 | D:1      | Reached skill level 4 in Axes
   374 | D:1      | Reached XP level 2. HP: 26/26 MP: 1/1
  1000 | D:2      | Found a blossoming altar of Fedhas.
  1009 | D:2      | Reached ** piety under Trog
  1010 | D:2      | Reached skill level 5 in Axes
  1133 | D:2      | Reached XP level 3. HP: 25/31 MP: 2/2
  2096 | D:3      | Reached skill level 6 in Axes
  2096 | D:3      | Reached XP level 4. HP: 30/39 MP: 3/3
  2550 | D:4      | Noticed an ogre
  2561 | D:4      | Killed an ogre
  2562 | D:4      | Reached skill level 7 in Axes
  2562 | D:4      | Reached XP level 5. HP: 26/45 MP: 4/4
  2762 | D:4      | Noticed Eustachio
  2770 | D:4      | Reached skill level 8 in Axes
  2778 | D:4      | Killed Eustachio
  2779 | D:4      | Reached XP level 6. HP: 47/51 MP: 5/5
  2851 | D:4      | Reached skill level 9 in Axes
  2948 | D:4      | Reached *** piety under Trog
  3037 | D:4      | Reached XP level 7. HP: 56/57 MP: 6/6
  3083 | D:4      | Noticed Grinder
  3084 | D:4      | Reached skill level 10 in Axes
  3091 | D:4      | Killed Grinder
  3250 | D:4      | Reached skill level 11 in Axes
  3354 | D:4      | Found a staircase to the Ecumenical Temple.
  3596 | D:5      | Entered Level 5 of the Dungeon
  3680 | D:5      | Reached XP level 8. HP: 53/64 MP: 7/7
  3757 | D:5      | Reached skill level 12 in Axes
  4324 | D:5      | Found a radiant altar of Vehumet.
  4577 | D:5      | Reached skill level 13 in Axes
  4637 | D:5      | Noticed Edmund
  4647 | D:5      | Killed Edmund
  5048 | D:5      | Found a shadowy altar of Dithmenos.
  5366 | D:6      | Identified the +1 robe of the Accordion {-Cast Will+ Str+2}
  5420 | D:6      | Found a shimmering altar of Xom.
  5449 | D:6      | Reached skill level 14 in Axes
  5473 | D:6      | Found a sand-covered staircase.
  5477 | Ossuary  | Entered an ossuary
  5484 | Ossuary  | Reached XP level 9. HP: 57/70 MP: 8/8
  5960 | D:6      | Reached skill level 15 in Axes
  6375 | D:7      | HP: 4/94 [wight/+3 trident (10)]
  6375 | D:7      | Slain by a wight

Illustrated notes

Levels and vault maps discovered:
D:1:      dpeg_arrival_radiant, layout_loops_cross,
          ebering_ecumenical_altar_rust, minmay_octomino_j4
D:2:      layout_rooms, basic_altar
D:3:      layout_basic
D:4:      layout_cave_pools, minmay_temple_entry_junction, serial_column_ruins,
          column_ruins_grid_1, column_ruins_corridor_straight,
          column_ruins_open_medium, minmay_crystal_water,
          kennysheep_another_room, kennysheep_generic_room_2, uniq_grinder,
          uniq_eustachio
D:5:      layout_layer_cave, marbit_many_paths, fiery_altar_vehumet, uniq_edmund
D:6:      layout_cave_pools, led_xom_imps, enter_ossuary_5
D:7:      layout_loops_ring, kiku_gazebo_pond_becter, kennysheep_generic_room_3

Skill      XL: |  1  2  3  4  5  6  7  8  9 |
---------------+----------------------------+-----
Axes           | 4 5 6 7 8 9 11 14 15 | 15.3
Fighting       | |  3.6
Armour         | |  2.4
Dodging        | |  2.1

Action                   |  1- 3 |  4- 6 |  7- 9 || total
-------------------------+-------+-------+-------++-------
Melee: Hand axe          |    91 |    34 |       ||   125
       Headbutt          |    10 |     8 |    40 ||    58
       Punch             |       |     1 |     6 ||     7
       War axe           |       |    14 |   196 ||   210
 Fire: Hunting sling     |    14 |    31 |    15 ||    60
Throw: Stone             |    11 |     5 |    14 ||    30
       Dart              |       |     1 |       ||     1
Invok: Trog's Hand       |       |     1 |     1 ||     2
       Berserk           |       |       |     6 ||     6
 Stab: Sleeping          |     1 |       |       ||     1
Armor: Animal skin       |     7 |       |       ||     7
       Ring mail         |       |     9 |     4 ||    13
       Scale mail        |       |       |    84 ||    84
Dodge: Dodged            |    54 |    32 |    88 ||   174
